 Dungeon Crawl Stone Soup version 0.30-a0-596-g0af90f9a20 (webtiles) character file.

Game seed: 11490583880560466893

56 bande the Trooper (level 3, 0/24 HPs)
             Began as a Gargoyle Fighter on Jan 6, 2023.
             Killed from afar by Robin (4 damage)
             ... with a puff of flame
             ... on level 2 of the Dungeon.
             The game lasted 00:01:36 (754 turns).

bande the Trooper (Gargoyle Fighter)                 Turns: 754, Time: 00:01:36

Health: 0/24       AC: 11    Str: 19    XL:     3   Next: 97%
Magic:  3/3        EV:  9    Int:  8    God:
Gold:   107        SH:  4    Dex: 11    Spells: 2/2 levels left

rFire   . . .      SeeInvis .    a - +0 war axe
rCold   . . .      Faith    .    c - +0 buckler
rNeg    + . .      Spirit   .    b - +0 scale mail
rPois   ∞          Reflect  .    (no helmet)
rElec   +          Harm     .    f - +0 cloak
rCorr   +          Rampage  .    (no gloves)
Will    .....                    (no boots) Stlth
                                 (no amulet)
HPRegen 0.24/turn                e - ring of resist corrosion
MPRegen 0.08/turn                (no ring)

@: no status effects
A: sickness immunity, AC +3, negative energy resistance 1, electricity
resistance, torment resistance 1, petrification resistance
a: no special abilities


You were on level 2 of the Dungeon.
You visited 1 branch of the dungeon, and saw 2 of its levels.

You collected 107 gold pieces.

Inventory:

Hand Weapons
 a - a +0 war axe (weapon)
Armour
 b - a +0 scale mail (worn)
 c - a +0 buckler (worn)
 f - a +0 cloak (worn)
Jewellery
 e - a ring of resist corrosion (left hand)
Scrolls
 g - 2 scrolls of identify {unknown}
 i - a scroll of enchant weapon {unknown}
 k - a scroll of poison {unknown}
 l - a scroll of torment {unknown}
 m - a scroll of amnesia {unknown}
Potions
 d - a potion of might
 h - a potion of heal wounds
 j - a potion of degeneration {unknown}
 n - a potion of mutation {unknown}


   Skills:
 + Level 3.8 Fighting
 + Level 2.6 Axes
 + Level 3.8 Armour
 + Level 3.6 Shields


You had 2 spell levels left.
You didn't know any spells.
Your spell library contained the following spells:

 Spells                   Type           Power      Damage    Failure   Level
 Freeze                   Ice            0%         1d3       86%         1
 Kiss of Death            Conj/Necr      0%         2d5       86%         1
 Confusing Touch          Hex            0%         N/A       99%         3
 Frozen Ramparts          Ice            0%         1d1       99%         3
 Hailstorm                Conj/Ice       0%         3d3       99%         3
 Dispel Undead            Necr           0%         3d6       100%        4


Dungeon Overview and Level Annotations

Branches:
Dungeon (2/15)

Altars:

Annotations:
D:2 Robin


Innate Abilities, Weirdness & Mutations

You are immune to sickness and miasma.
Your stone body is resilient. (AC +3)
You are immune to poison.
You resist negative energy. (rN+)
You are resistant to electric shocks. (rElec)
You are resistant to unholy torment.
You are immune to petrification.


Message History

You kill the goblin!
You closely miss the goblin. You hit the goblin.
You kill the goblin!
The goblin hits you but does no damage.
You miss the goblin. You closely miss the goblin.
The goblin hits you but does no damage. The goblin closely misses you.
Robin roars a battlecry!
The goblin closely misses you. The goblin hits you with a +0 club.
You barely miss the goblin. You hit the goblin.
You kill the goblin!
You block the goblin's attack.
Unknown command.
You slash the goblin!
You kill the goblin!
You closely miss Robin.
Robin hits you with a +0 vampiric dagger.
Robin zaps a wand.
The puff of flame hits you but does no damage.
Unknown command.
You closely miss the goblin. You hit Robin. You block the goblin's attack.
You block Robin's attack.
Unknown command.
You hit Robin but do no damage.
Robin is lightly wounded.
You closely miss the goblin. The goblin hits you but does no damage.
Robin hits you with a +0 vampiric dagger.
Unknown command.
You hit Robin.
Robin is heavily wounded.
You miss the goblin. You slash the goblin!
You kill the goblin!
You block the goblin's attack.
Robin hits you with a +0 vampiric dagger.
Robin drinks a potion.
Robin is healed!
The goblin barely misses you.
You hit Robin but do no damage. You slash the goblin!
You kill the goblin!
Robin zaps a wand.
The puff of flame hits you.
* * * LOW HITPOINT WARNING * * *
You barely miss Robin.
Robin zaps a wand.
The puff of flame hits you.
You die...

.. ....... .###.#
#........
..).#####....)... #
#..#............
.##.###.....).........
........##............
.........#..).........
#.##†..).)......
#.#.....@)......
#.†.#####g......
#.#######.###...
#.###.###.......... ..
#..........#####....
........#.## ....
........#.# .....
........#.# ....##
........#.#


You could see Robin.

Vanquished Creatures
  An adder (D:2)
  A worm (D:2)
  2 dart slugs
  3 endoplasms
  A giant cockroach (D:1)
  10 goblins (D:2)
  2 hobgoblins
  6 ball pythons
  5 bats
  2 frilled lizards (D:1)
  5 kobolds (D:1)
38 creatures vanquished.

Notes
Turn   | Place    | Note
-------+----------+-------------------------------------------
     0 | D:1      | bande the Gargoyle Fighter began the quest for the Orb.
     0 | D:1      | Reached XP level 1. HP: 14/14 MP: 1/1
   169 | D:1      | Reached XP level 2. HP: 18/19 MP: 2/2
   685 | D:2      | Reached XP level 3. HP: 24/24 MP: 3/3
   739 | D:2      | Noticed Robin
   754 | D:2      | Killed from afar by Robin

Illustrated notes

Levels and vault maps discovered:
D:1:      lightli_arrival_farm, layout_basic, minmay_crystal_room,
          due_unseen_surprise
D:2:      layout_rooms, uniq_jessica, uniq_robin

Skill      XL: |  1  2 |
---------------+-------+-----
Axes           | 2 |  2.6
Fighting       | |  3.8
Armour         | |  3.8
Shields        | |  3.6

Action                   || total
-------------------------++-------
Melee: War axe           ||    88
Armor: Scale mail        ||    90
Dodge: Dodged            ||    62
Block: Buckler           ||    31

Table legend: (Time is in decaauts)
 A = Elapsed time spent in this place.
 B = Non-inter-level travel time spent in this place.
 C = Inter-level travel time spent in this place.
 D = Time resting spent in this place.
 E = Time spent auto-exploring this place.
 F = Levels seen in this place.
 G = Mean time per level.
                   A        B        C        D        E       F      G
               +--------+--------+--------+--------+--------+-----+--------+
         Total |    813 |    773 |     40 |      0 |    562 |   2 |  406.5 |
       Dungeon |    813 |    773 |     40 |      0 |    562 |   2 |  406.5 |
               +--------+--------+--------+--------+--------+-----+--------+

Top non-repeatable levels by time:
     D:1: 716 daAuts
     D:2: 97 daAuts
